PBL
CALGARY FLAMES @ MIAMI BEACH MARLINS
10/01/2047
 
TOP OF THE 1ST
Calgary Flames batting - Pitching for Miami Beach Marlins : RHP Ivan Baltodano
Pitching: RHP Ivan Baltodano
Batting: RHB Elias Vences 0-0: Called Strike
0-1: Called Strike
0-2: Ball
1-2: Ball
2-2: Foul Ball, location: 2F
2-2: Strikes out swinging, 2-3 out at first.
Batting: RHB Norinaga Yamakawakamatsu 0-0: Ball
1-0: Ball
2-0: Called Strike
2-1: Ball
3-1: Base on Balls
Batting: LHB Gary Corrales 0-0: Foul Ball, location: 2F
0-1: Ball
1-1: Called Strike
Norinaga Yamakawakamatsu is caught stealing 2nd base 2-6
1-2: Foul Ball, location: 2F
1-2: Strikes out swinging
Top of the 1st over - 0 runs, 0 hits, 0 errors, 0 left on base; Calgary 0 - Miami Beach 0
BOTTOM OF THE 1ST
Miami Beach Marlins batting - Pitching for Calgary Flames : LHP Seth Shaw
Pitching: LHP Seth Shaw
Batting: RHB Hikaru Nakata 0-0: Ball
1-0: Ground out 6-3 (Groundball, 6S, EV 70.6 MPH)
Batting: RHB Melvin Nava 0-0: Ball
1-0: Ball
2-0: Swinging Strike
2-1: Called Strike
2-2: Foul Ball, location: 2F
2-2: Foul Ball, location: 2F
2-2: Strikes out swinging
Batting: RHB Scott Talbot 0-0: Ball
1-0: Foul Ball, location: 2F
1-1: Ball
2-1: Fly out, F3 (Popup, 3SF, EV 81.2 MPH)
Bottom of the 1st over - 0 runs, 0 hits, 0 errors, 0 left on base; Calgary 0 - Miami Beach 0
TOP OF THE 2ND
Calgary Flames batting - Pitching for Miami Beach Marlins : RHP Ivan Baltodano
Batting: RHB Willie Torres 0-0: Foul Ball, location: 2F
0-1: Called Strike
0-2: Ball
1-2: Foul Ball, location: 2F
1-2: Strikes out swinging
Batting: LHB Bruce Daley 0-0: Called Strike
0-1: Ball
1-1: Fly out, F8 (Flyball, 8LD, EV 90.0 MPH)
Batting: RHB Rod Johnson 0-0: Ball
1-0: Called Strike
1-1: Foul Ball, location: 2F
1-2: Ball
2-2: Ball
3-2: Foul Ball, location: 2F
3-2: Strikes out swinging
Top of the 2nd over - 0 runs, 0 hits, 0 errors, 0 left on base; Calgary 0 - Miami Beach 0
BOTTOM OF THE 2ND
Miami Beach Marlins batting - Pitching for Calgary Flames : LHP Seth Shaw
Batting: RHB Orlando Melendres 0-0: Fly out, F7 (Line Drive, 7, EV 86.2 MPH)
Batting: RHB Troy Bush 0-0: Ground out 5-3 (Groundball, 56, EV 106.9 MPH)
Batting: RHB Kazumi Inouye 0-0: Called Strike
0-1: SINGLE (Line Drive, 78S, EV 108.8 MPH)
Batting: RHB Jim Smallwood 0-0: Ball
1-0: Ball
2-0: Called Strike
2-1: Foul Ball, location: 9LSF, Error on foul ball, E9
2-2: Ground out U3 (Groundball, 3S, EV 70.6 MPH)
Bottom of the 2nd over - 0 runs, 1 hit, 1 error, 1 left on base; Calgary 0 - Miami Beach 0
TOP OF THE 3RD
Calgary Flames batting - Pitching for Miami Beach Marlins : RHP Ivan Baltodano
Batting: RHB Tyler Johnson 0-0: Foul Ball, location: 2F
0-1: Ball
1-1: Ball
2-1: Ball
3-1: Base on Balls
Batting: RHB Antonio Martinez 0-0: Ball
1-0: Ball
2-0: Called Strike
2-1: Foul Ball, location: 2F
2-2: Ball
3-2: Base on Balls
Tyler Johnson to second
Batting: RHB Pablo Henriquez 0-0: Ball
1-0: Fly out, F8 (Line Drive, 8RM, EV 94.4 MPH)
Batting: RHB Elias Vences 0-0: Called Strike
0-1: Foul Ball, location: 2F
0-2: Ball
1-2: Ball
2-2: Ball
3-2: Grounds into double play, 5-4-3 (Groundball, 5, EV 81.9 MPH)
Top of the 3rd over - 0 runs, 0 hits, 0 errors, 1 left on base; Calgary 0 - Miami Beach 0
BOTTOM OF THE 3RD
Miami Beach Marlins batting - Pitching for Calgary Flames : LHP Seth Shaw
Batting: RHB Xin Zhang 0-0: Foul Ball, location: 2F
0-1: Ball
1-1: Ball
2-1: SINGLE (Groundball, 6MS, EV 66.9 MPH) (infield hit)
Batting: LHB Henry Huezo 0-0: Ball
1-0: Fielders Choice at 2nd, 4-6 (Groundball, 13, EV 85.6 MPH)
Batting: RHB Hikaru Nakata 0-0: SINGLE (Groundball, 6, EV 100.0 MPH)
Henry Huezo to second
Batting: RHB Melvin Nava 0-0: Ball
Henry Huezo steals 3rd base
Hikaru Nakata to second
1-0: Ground out 1-3 (Groundball, P, EV 68.8 MPH)
Batting: RHB Scott Talbot 0-0: Ball
1-0: Ground out 6-3 (Groundball, 6, EV 88.1 MPH)
Bottom of the 3rd over - 0 runs, 2 hits, 0 errors, 2 left on base; Calgary 0 - Miami Beach 0
TOP OF THE 4TH
Calgary Flames batting - Pitching for Miami Beach Marlins : RHP Ivan Baltodano
Batting: RHB Norinaga Yamakawakamatsu 0-0: Foul Ball, location: 2F
0-1: Ball
1-1: Ball
2-1: Swinging Strike
2-2: Ball
3-2: Base on Balls
Batting: LHB Gary Corrales 0-0: Ball
1-0: Called Strike
1-1: Ball
2-1: Foul Ball, location: 2F
2-2: Foul Ball, location: 2F
2-2: Ball
3-2: Fly out, F4 (Popup, 4MD, EV 51.2 MPH)
Batting: RHB Willie Torres 0-0: Called Strike
0-1: Ball
1-1: Ball
2-1: Grounds into double play, 5-4-3 (Groundball, 5, EV 98.8 MPH)
Top of the 4th over - 0 runs, 0 hits, 0 errors, 0 left on base; Calgary 0 - Miami Beach 0
BOTTOM OF THE 4TH
Miami Beach Marlins batting - Pitching for Calgary Flames : LHP Seth Shaw
Batting: RHB Orlando Melendres 0-0: Fly out, F9 (Flyball, 89S, EV 93.1 MPH)
Batting: RHB Troy Bush 0-0: Ball
1-0: Fly out, F9 (Flyball, 89M, EV 76.2 MPH)
Batting: RHB Kazumi Inouye 0-0: Swinging Strike
0-1: Called Strike
0-2: Ball
1-2: Ground out 1-3 (Groundball, 13, EV 75.0 MPH)
Bottom of the 4th over - 0 runs, 0 hits, 0 errors, 0 left on base; Calgary 0 - Miami Beach 0
TOP OF THE 5TH
Calgary Flames batting - Pitching for Miami Beach Marlins : RHP Ivan Baltodano
Batting: LHB Bruce Daley 0-0: Ball
1-0: Ball
2-0: Called Strike
2-1: Fly out, F5 (Line Drive, 5L, EV 68.8 MPH)
Batting: RHB Rod Johnson 0-0: Fly out, F8 (Flyball, 8LXD, EV 103.8 MPH)
Batting: RHB Tyler Johnson 0-0: SINGLE (Groundball, 56D, EV 97.5 MPH)
Batting: RHB Antonio Martinez 0-0: Ball
1-0: Ground out 1-3 (Groundball, 13, EV 69.4 MPH)
Top of the 5th over - 0 runs, 1 hit, 0 errors, 1 left on base; Calgary 0 - Miami Beach 0
BOTTOM OF THE 5TH
Miami Beach Marlins batting - Pitching for Calgary Flames : LHP Seth Shaw
Batting: RHB Jim Smallwood 0-0: Ball
1-0: Ground out 2-3 (Groundball, 2L, EV 67.5 MPH)
Batting: RHB Xin Zhang 0-0: Ball
1-0: Called Strike
1-1: Foul Ball, location: 2F
1-2: SINGLE (Line Drive, 34D, EV 98.1 MPH)
Batting: LHB Henry Huezo 0-0: Fly out, F8 (Flyball, 8LD, EV 98.1 MPH)
Batting: RHB Hikaru Nakata 0-0: Called Strike
0-1: SINGLE (Groundball, 6MD, EV 95.6 MPH)
Xin Zhang to second
Batting: RHB Melvin Nava 0-0: Ball
1-0: Foul Ball, location: 2F
1-1: Swinging Strike
1-2: TRIPLE (Line Drive, 8LXD, EV 104.4 MPH)
Xin Zhang scores
Hikaru Nakata scores
Batting: RHB Scott Talbot 0-0: Foul Ball, location: 2F
0-1: Ball
1-1: Fly out, F8 (Flyball, 8LM, EV 94.4 MPH)
Bottom of the 5th over - 2 runs, 3 hits, 0 errors, 1 left on base; Calgary 0 - Miami Beach 2
TOP OF THE 6TH
Calgary Flames batting - Pitching for Miami Beach Marlins : RHP Ivan Baltodano
Batting: RHB Pablo Henriquez 0-0: Ball
1-0: Ground out 6-3 (Groundball, 6, EV 83.1 MPH)
Batting: RHB Elias Vences 0-0: Ball
1-0: Ball
2-0: Called Strike
2-1: Ball
3-1: Base on Balls
Batting: RHB Norinaga Yamakawakamatsu 0-0: Foul Ball, location: 2F
0-1: Ball
1-1: Called Strike
1-2: Ball
2-2: Ball
3-2: Strikes out swinging
Elias Vences is caught stealing 2nd base 2-4
Batter strikes out.
Top of the 6th over - 0 runs, 0 hits, 0 errors, 0 left on base; Calgary 0 - Miami Beach 2
BOTTOM OF THE 6TH
Miami Beach Marlins batting - Pitching for Calgary Flames : LHP Seth Shaw
Batting: RHB Orlando Melendres 0-0: Called Strike
0-1: Called Strike
0-2: Ball
1-2: Fly out, F8 (Flyball, 8LM, EV 94.4 MPH)
Batting: RHB Troy Bush 0-0: Called Strike
0-1: Ball
1-1: SINGLE (Groundball, 56D, EV 98.1 MPH)
Batting: RHB Kazumi Inouye 0-0: Called Strike
0-1: Ball
1-1: Fielders Choice at 2nd, 4-6 (Groundball, 4S, EV 86.9 MPH)
Batting: RHB Jim Smallwood 0-0: Ball
1-0: SINGLE (Groundball, 56, EV 87.5 MPH) (infield hit)
Kazumi Inouye to second
Batting: RHB Xin Zhang 0-0: Called Strike
0-1: Fielders Choice at 2nd, 6-4 (Groundball, 6, EV 86.9 MPH)
Bottom of the 6th over - 0 runs, 2 hits, 0 errors, 2 left on base; Calgary 0 - Miami Beach 2
TOP OF THE 7TH
Calgary Flames batting - Pitching for Miami Beach Marlins : RHP Ivan Baltodano
Now in RF: Cody Leonard
Batting: LHB Gary Corrales 0-0: Ball
1-0: Foul Ball, location: 2F
1-1: Foul Ball, location: 2F
1-2: Foul Ball, location: 2F
1-2: Foul Ball, location: 2F
1-2: Strikes out swinging
Batting: RHB Willie Torres 0-0: Called Strike
0-1: Ground out 1-3 (Groundball, 15S, EV 72.5 MPH)
Batting: LHB Bruce Daley 0-0: Ball
1-0: Ball
2-0: Ball
3-0: Base on Balls
Batting: RHB Rod Johnson 0-0: Ball
1-0: Ball
2-0: DOUBLE (Groundball, 5L, EV 108.1 MPH)
Bruce Daley to third
Runner from 3rd tries for Home, SAFE, throw by LF to home
Pitching: LHP Doug Whitling
Pinch Hitting: RHB Victor Contreras 0-0: Ball
1-0: Swinging Strike
1-1: Ball
2-1: Foul Ball, location: 2F
2-2: Ball
3-2: Strikes out swinging
Top of the 7th over - 1 run, 1 hit, 0 errors, 1 left on base; Calgary 1 - Miami Beach 2
BOTTOM OF THE 7TH
Miami Beach Marlins batting - Pitching for Calgary Flames : LHP Seth Shaw
Now at 3B: Yu-hsui Lew
Now at SS: Norinaga Yamakawakamatsu
Batting: LHB Henry Huezo 0-0: Foul Ball, location: 2F
0-1: Ball
1-1: DOUBLE (Line Drive, 3D, EV 101.9 MPH)
Batting: RHB Hikaru Nakata 0-0: Ball
1-0: Called Strike
1-1: Ball
2-1: Ground out U3 (Groundball, 34, EV 83.8 MPH)
Henry Huezo to third
Batting: RHB Melvin Nava 0-0: Swinging Strike
0-1: Squeeze Bunt to 23 - play home, runner scores, batter safe!
Henry Huezo scores
Batting: RHB Scott Talbot 0-0: Ball
1-0: Fly out, F8 (Flyball, 8RM, EV 86.9 MPH)
Batting: RHB Orlando Melendres 0-0: Hit by Pitch
Melvin Nava to second
Batting: RHB Cody Leonard 0-0: Swinging Strike
0-1: Foul Ball, location: 2F
0-2: Foul Ball, location: 2F
0-2: Fly out, F7 (Flyball, 7, EV 86.2 MPH)
Bottom of the 7th over - 1 run, 1 hit, 0 errors, 2 left on base; Calgary 1 - Miami Beach 3
TOP OF THE 8TH
Calgary Flames batting - Pitching for Miami Beach Marlins : LHP Doug Whitling
Batting: RHB Antonio Martinez 0-0: Ball
1-0: Ball
2-0: SINGLE (Groundball, 6D, EV 101.2 MPH)
Batting: RHB Pablo Henriquez 0-0: Called Strike
0-1: Ball
1-1: Foul Ball, location: 2F
1-2: Ball
2-2: Strikes out swinging
Batting: RHB Elias Vences 0-0: Foul Ball, location: 2F
0-1: Swinging Strike
0-2: Ball
1-2: Strikes out swinging
Batting: RHB Norinaga Yamakawakamatsu 0-0: Ball
1-0: Ball
2-0: Swinging Strike
2-1: Fly out, F8 (Line Drive, 8RD, EV 85.6 MPH)
Top of the 8th over - 0 runs, 1 hit, 0 errors, 1 left on base; Calgary 1 - Miami Beach 3
BOTTOM OF THE 8TH
Miami Beach Marlins batting - Pitching for Calgary Flames : LHP Seth Shaw
Batting: RHB Kazumi Inouye 0-0: Called Strike
0-1: Fly out, F8 (Flyball, 8LM, EV 81.2 MPH)
Batting: RHB Jim Smallwood 0-0: Ball
1-0: Ball
2-0: Ground out 2-3 (Groundball, 2R, EV 69.4 MPH)
Batting: RHB Xin Zhang 0-0: Called Strike
0-1: Swinging Strike
0-2: Foul Ball, location: 2F
0-2: Ball
1-2: Ball
2-2: Strikes out looking
Bottom of the 8th over - 0 runs, 0 hits, 0 errors, 0 left on base; Calgary 1 - Miami Beach 3
TOP OF THE 9TH
Calgary Flames batting - Pitching for Miami Beach Marlins : LHP Doug Whitling
Now at 1B: Kazumi Inouye
Now at 2B: Emmet Brickowski
Pinch Hitting: RHB Edgardo Rivera 0-0: Called Strike
0-1: Ball
1-1: Swinging Strike
1-2: Strikes out looking
Batting: RHB Willie Torres 0-0: Called Strike
0-1: Ball
1-1: Called Strike
1-2: Foul Ball, location: 2F
1-2: Ball
2-2: Foul Ball, location: 2F
2-2: Strikes out swinging
Pitching: RHP Jamie Rappoport
Pinch Hitting: RHB Mick Vaught 0-0: Foul Ball, location: 2F
0-1: Ground out 1-3 (Groundball, 15S, EV 60.6 MPH)
Top of the 9th over - 0 runs, 0 hits, 0 errors, 0 left on base; Calgary 1 - Miami Beach 3
Thursday, December 15th , 2022 - OOTP Baseball 23.9 Build 102